 Dungeon Crawl Stone Soup version 0.20-a0-622-g01f5896 (webtiles) character file.

3082 Alarkh the Magician (level 9, 0/69 HPs)
             Began as a Mummy Necromancer on Feb 9, 2017.
             Was a Believer of Okawaru.
             Slain by a two-headed ogre
             ... wielding a +0 giant club
              (14 damage)
             ... on level 8 of the Dungeon.
             The game lasted 00:15:22 (7806 turns).

Alarkh the Magician (Mummy Necromancer)             Turns: 7806, Time: 00:15:23

Health: 0/69       AC:  8    Str: 12      XL:     9   Next: 58%
Magic:  3/20       EV: 12    Int: 17      God:    Okawaru [**....]
Gold:   416        SH:  0    Dex: 10 (12) Spells: 14/22 levels left

rFire    . . .     SeeInvis .   a - +0 long sword
rCold    + . .     Gourm    .   i - +0 robe
rNeg     + + +     Faith    .   (no shield)
rPois    ∞         Spirit   .   h - +2 helmet
rElec    .         Reflect  .   o - +2 cloak
rCorr    .         Harm     .   (no gloves)
MR       +....                  (no boots)
Stlth    ++........             (no amulet)
Regen    0.3/turn               (no ring)
                                n - ring of protection from fire

@: no status effects
A: no food or potions, fire vulnerability, cold resistance 1, negative energy
resistance 3, torment resistance, unbreathing
a: Heroism, Renounce Religion


You were on level 8 of the Dungeon.
You worshipped Okawaru.
Okawaru was pleased with you.
You were not hungry.

You visited 2 branches of the dungeon, and saw 9 of its levels.
You also visited: Ossuary.

You collected 416 gold pieces.

Inventory:

Hand Weapons
 a - a +0 long sword (weapon)
 c - a +0 dagger
 d - a +0 halberd
Armour
 h - a +2 helmet (worn)
 i - a +0 robe (worn)
 o - a +2 cloak (worn)
Jewellery
 n - a ring of protection from fire (left hand)
Wands
 g - a wand of disintegration (6/24)
 j - a wand of digging (4/24)
 r - a wand of lightning (0/15)
 s - a wand of disintegration (7/24)
Scrolls
 e - a scroll of identify
 f - 5 scrolls of remove curse
 l - 2 scrolls of amnesia
 m - a scroll of recharging
 p - a scroll of vulnerability {unknown}
 q - 3 scrolls of enchant weapon {unknown}
Books
 b - a book of Necromancy

   Spells                             Type                      Level
   a - Pain                           Necromancy                   1
   b - Animate Skeleton               Necromancy                   1
   c - Vampiric Draining              Necromancy                   3
   d - Regeneration                   Charms/Necromancy            3
   e - Animate Dead                   Necromancy                   4
   f - Control Undead                 Necromancy                   4


   Skills:
 - Level 5.7 Fighting
 + Level 7.3 Long Blades
 - Level 1.5 Dodging
 - Level 1.5 Stealth
 - Level 7.4 Spellcasting
 - Level 7.1 Necromancy


You had 14 spell levels left.
You knew the following spells:

 Your Spells              Type           Power        Failure   Level  Hunger
a - Vampiric Draining     Necr           ####......   1%          3    N/A
c - Control Undead        Necr           ####......   10%         4    N/A
e - Pain                  Necr           ####         1%          1    N/A

Dungeon Overview and Level Annotations

Branches:
Dungeon (8/15)             Temple (1/1) D:5
   Lair: D:8-11

Altars:
Ashenzari
Cheibriados
Dithmenos
Elyvilon
Fedhas
Gozag
Hepliaklqana
Kikubaaqudgha
Makhleb
Nemelex Xobeh
Okawaru
Ru
Sif Muna
Trog
Uskayaw
Vehumet
Xom
Yredelemnul
Zin
The Shining One

Annotations:
D:5 Soeti's ghost, amateur DECj


Innate Abilities, Weirdness & Mutations

You do not eat or drink.
Your flesh is vulnerable to fire.
You are immune to poison.
Your flesh is cold resistant. (rC+)
You are immune to negative energy. (rN+++)
You are immune to unholy pain and torment.
You can survive without breathing.


Message History

Confirm with . or Enter, or press ? or * to list all spells.
Aiming: Vampiric Draining
Press: ? - help, Shift-Dir - straight line, f - two-headed ogre
Aim: a two-headed ogre, wielding a giant club and a giant spiked club The two-headed ogre is moderately wounded.
You feel life coursing into your body.
Casting: Vampiric Draining
Confirm with . or Enter, or press ? or * to list all spells.
Aiming: Vampiric Draining
Press: ? - help, Shift-Dir - straight line, f/p - two-headed ogre
Aim: a two-headed ogre, wielding a giant club and a giant spiked club (moderately wounded)
The two-headed ogre is moderately wounded.
You feel life coursing into your body.
The two-headed ogre hits you with a giant club!!
* * * LOW HITPOINT WARNING * * *
The two-headed ogre misses you.
Okay, then.
There is a stone staircase leading up here.
The two-headed ogre hits you with a giant club!
You die...

. +>... ..##...
#.....
#.....############
#[...†........#
#############.#
...#l# ######.#O#
.......@.#
##########


You could see a two-headed ogre and an iguana.

Vanquished Creatures
  Pikel (D:4)
  Grinder (D:4)
  Duvessa (D:4)
  An ice beast (D:5)
  2 water moccasins
  2 phantoms
  3 sky beasts
  An ogre (D:5)
  2 centaurs (D:6)
  A bullfrog (D:7)
  Dowan (D:4)
  3 centaur zombies
  A quasit (D:7)
  4 jellies
  2 hounds
  4 orc priests
  Crazy Yiuf (D:7)
  3 iguanas
  5 worker ants
  6 orc wizards
  8 big kobold zombies (Ossuary)
  A mummy (Ossuary)
  A howler monkey zombie (D:6)
  A worker ant zombie (D:4)
  4 adders
  7 gnolls
  A shadow imp (D:5)
  2 adder zombies
  An ooze (D:3)
  2 worms
  A leopard gecko (D:7)
  13 orcs
  3 spectral bats (Ossuary)
  7 bats
  3 giant cockroaches
  4 gnoll zombies (Ossuary)
  12 goblins
  3 hobgoblins
  10 jackals
  2 kobolds
  7 ball pythons
  3 bat simulacra (Ossuary)
  3 frilled lizards
  A goblin simulacrum (Ossuary)
  8 goblin zombies (Ossuary)
  4 hobgoblin zombies (Ossuary)
  A kobold simulacrum (Ossuary)
  2 kobold zombies (Ossuary)
  A leopard gecko zombie (D:4)
  3 orc zombies (Ossuary)
  A quokka skeleton (D:7)
  A quokka zombie (D:5)
  5 rats
  A rat zombie (D:5)
  3 spectral kobolds (Ossuary)
  2 spectral rats (Ossuary)
177 creatures vanquished.

Vanquished Creatures (collateral kills)
  A spectral bat (Ossuary)
  A goblin zombie (Ossuary)
  A kobold simulacrum (Ossuary)
  A spectral goblin (Ossuary)
  A spectral kobold (Ossuary)
5 creatures vanquished.

Vanquished Creatures (others)
  3 slaves (D:4)
  A scorpion (D:4)
  A centaur zombie (D:4)
  A bullfrog skeleton (D:4)
  A bullfrog zombie (D:4)
  A gnoll shaman (D:4)
  A worker ant (D:4)
  A worker ant zombie (D:4)
  A gnoll (D:4)
  An adder zombie (D:4)
  A worm (D:4)
  2 quokkas
  A quokka skeleton (D:4)
16 creatures vanquished.

Grand Total: 198 creatures vanquished

Notes
Turn   | Place    | Note
-------+----------+-------------------------------------------
     0 | D:1      | Alarkh the Mummy Necromancer began the quest for the Orb.
     0 | D:1      | Reached XP level 1. HP: 13/13 MP: 4/4
   176 | D:1      | Reached XP level 2. HP: 19/19 MP: 4/6
   865 | D:1      | Reached XP level 3. HP: 24/24 MP: 1/8
   877 | D:1      | Learned a level 3 spell: Vampiric Draining
  1094 | D:2      | Found a white marble altar of Elyvilon.
  1189 | D:2      | Found a bloodstained altar of Trog.
  1798 | D:3      | Reached XP level 4. HP: 6/30 MP: 5/10
  2039 | D:3      | Found a hazy altar of Hepliaklqana.
  2122 | D:3      | Reached skill level 5 in Necromancy
  2876 | D:3      | Reached XP level 5. HP: 29/35 MP: 9/12
  2890 | D:3      | Reached skill level 5 in Spellcasting
  3158 | D:4      | Noticed Pikel
  3158 | D:4      | Noticed a slave
  3159 | D:4      | Noticed a slave
  3159 | D:4      | Noticed a slave
  3170 | D:4      | Killed Pikel
  3170 | D:4      | Reached XP level 6. HP: 28/41 MP: 6/16
  3170 | D:4      | Reached XP level 7. HP: 31/46 MP: 6/17
  3266 | D:5      | Entered Level 5 of the Dungeon
  3357 | D:5      | Noticed Soeti's ghost (amateur DECj)
  3414 | D:5      | Found a staircase to the Ecumenical Temple.
  3452 | D:5      | Reached XP level 8. HP: 16/60 MP: 4/19
  3468 | Temple   | Entered the Ecumenical Temple
  3513 | Temple   | Became a worshipper of Warmaster Okawaru
  3542 | D:5      | Learned a level 4 spell: Control Undead
  3548 | D:5      | Found a sand-covered staircase.
  3559 | Ossuary  | Entered an ossuary
  4224 | Ossuary  | Reached skill level 5 in Fighting
  5302 | D:4      | Reached skill level 1 in Long Blades
  5378 | D:4      | Noticed Grinder
  5397 | D:4      | Killed Grinder
  5572 | D:4      | Noticed Duvessa
  5573 | D:4      | Noticed Dowan
  5587 | D:4      | Killed Duvessa
  5589 | D:4      | Killed Dowan
  5589 | D:4      | Reached * piety under Okawaru
  6359 | D:5      | Reached XP level 9. HP: 52/69 MP: 20/20
  6425 | D:6      | Reached skill level 5 in Long Blades
  7014 | D:6      | Found a sacrificial altar of Ru.
  7235 | D:7      | Reached ** piety under Okawaru
  7264 | D:7      | Found a burning altar of Makhleb.
  7358 | D:7      | Found a shattered altar of Ashenzari.
  7358 | D:7      | Found a blossoming altar of Fedhas.
  7636 | D:7      | Found a runed door.
  7728 | D:7      | Noticed Crazy Yiuf
  7734 | D:7      | Killed Crazy Yiuf
  7775 | D:8      | Noticed a two-headed ogre
  7806 | D:8      | Slain by a two-headed ogre

Vault maps used:
D:1:      evilmike_arrival_crescent
D:2:      elyvilon_altar_4, bloody_trog
D:3:      overflow_temple_1_default, first_bread
D:4:      serial_undead, serial_undead_e, serial_undead_f, serial_undead_a,
          serial_undead_c, kennysheep_path_1, uniq_grinder, uniq_pikel,
          uniq_duvessa
D:5:      minmay_temple_entry_large_hall, enter_ossuary_4
D:6:      hangedman_ru_absence
D:7:      chequers_temple_overflow_statue_of_worship, makhleb_heckhound_becter,
          uniq_crazy_yiuf_cottage
Temple:   eino_wide_crystal_templ
Ossuary:  ossuary_zaba_two_paths

Skill      XL: |  1  2  3  4  5  6  7  8  9 |
---------------+----------------------------+-----
Spellcasting   | 3 4 7 |  7.4
Necromancy     | 5 6 7 |  7.1
Fighting       | 4 5 |  5.7
Long Blades    | 4 7 |  7.3
Dodging        | |  1.5
Stealth        | |  1.5

Action                   |  1- 3 |  4- 6 |  7- 9 || total
-------------------------+-------+-------+-------++-------
Melee: Unarmed           |    17 |       |       ||    17
       Dagger            |    23 |    16 |    10 ||    49
       Halberd           |       |       |   193 ||   193
       Long sword        |       |       |   166 ||   166
 Cast: Pain              |    79 |    56 |    41 ||   176
       Vampiric Draining |       |     2 |    57 ||    59
       Control Undead    |       |       |    10 ||    10
Invok: Heroism           |       |       |     2 ||     2
Evoke: Wand              |       |     2 |    19 ||    21
  Use: Scroll            |     2 |     1 |    12 ||    15
 Stab: Sleeping          |     2 |     2 |    12 ||    16
       Distracted        |       |       |     1 ||     1
Armor: Robe              |     5 |     4 |    78 ||    87
Dodge: Dodged            |    44 |    34 |   281 ||   359
       Rpst.: Long sword |       |       |    44 ||    44
